 Dungeon Crawl Stone Soup version 0.32-a0-612-g1c984fe9d1 (webtiles) character file.

Game seed: 13126702160923649903

283 CougarLife the Digger (level 6, 7/32 HPs)
             Began as a Gargoyle Earth Elementalist on Mar 4, 2024.
             Quit the game on level 4 of the Dungeon.
             The game lasted 00:02:02 (2814 turns).

CougarLife the Digger (Gargoyle Earth Elementalist) Turns: 2814, Time: 00:02:02

Health: 7/32       AC:  6    Str: 12    XL:     6   Next: 28%
Magic:  5/11       EV: 11    Int: 17    God:
Gold:   140        SH:  0    Dex: 10    Spells: 8/12 levels left

rFire   . . .        d - +0 dagger
rCold   . . .        (no shield)
rNeg    + . .        a - +0 robe
rPois   ∞            (no helmet)
rElec   +            (no cloak)
rCorr   .            (no gloves)
SInv    +            (no boots)
Will    .....        (no amulet)
Stlth   ++           e - ring of see invisible
HPRegen 0.25/turn    (no ring)
MPRegen 0.12/turn

%: no passive effects
@: no status effects
A: sickness immunity, AC +4, negative energy resistance 1, electricity
resistance, torment resistance 1, petrification resistance
a: Convert to Beogh


You were on level 4 of the Dungeon.
You visited 1 branch of the dungeon, and saw 4 of its levels.

You collected 140 gold pieces.

Inventory:

Hand Weapons
 d - a +0 dagger (weapon)
Armour
 a - a +0 robe (worn)
Jewellery
 e - a ring of see invisible (left hand)
Wands
 g - a wand of polymorph (5)
Scrolls
 f - a scroll of noise {unknown}
 i - 2 scrolls of teleportation {unknown}
 l - a scroll of revelation {unknown}
 n - a scroll of identify {unknown}
 o - 2 scrolls of immolation
 p - a scroll of enchant weapon {unknown}
Potions
 b - a potion of magic
 c - 2 potions of degeneration {unknown}
 h - 2 potions of lignification {unknown}
 j - a potion of cancellation {unknown}
 k - a potion of attraction {unknown}
 m - a potion of heal wounds {unknown}


   Skills:
 - Level 1.5 Dodging
 - Level 2.1 Stealth
 + Level 3.8 Spellcasting
 + Level 3.8 Conjurations
 + Level 5.5 Earth Magic


You had 8 spell levels left.
You knew the following spells:

 Your Spells              Type           Power      Damage    Failure   Level
a - Sandblast             Erth           44%        2d11      1%          1
b - Stone Arrow           Conj/Erth      38%        3d9       7%          3

Your spell library contained the following spells:

 Spells                   Type           Power      Damage    Failure   Level
 Passwall                 Erth           22%        N/A       4%          3
 Brom's Barrelling Bould  Conj/Erth      19%        2d4       24%         4
 Petrify                  Alch/Erth      12%        N/A       45%         4


Dungeon Overview and Level Annotations

Branches:
Dungeon (4/15)
 Temple: D:4-7

Altars:


Innate Abilities, Weirdness & Mutations

You are immune to sickness and miasma.
Your stone body is resilient. (AC +4)
You are immune to poison.
You resist negative energy. (rN+)
You are resistant to electric shocks. (rElec)
You are resistant to unholy torment.
You are immune to petrification.


Message History

An orc priest comes into view. It is wielding a +0 whip.
You hear a shout! x3
There is a stone staircase leading up here.
Casting: Sandblast (safe; 1% risk of failure)
Confirm with . or Enter, or press ? or * to list all spells.
Aiming: Stone Arrow (quite dangerous; 7% risk of failure)
Press: ? - help, Shift-Dir - straight line, f - gnoll
Aim: a gnoll, wielding a +2 halberd of protection and quivering a throwing net (72% to hit)
The stone arrow misses the gnoll.
The orc priest miscasts a cantrip.
Casting: Stone Arrow (quite dangerous; 7% risk of failure)
Confirm with . or Enter, or press ? or * to list all spells.
Aiming: Stone Arrow (quite dangerous; 7% risk of failure)
Press: ? - help, Shift-Dir - straight line, f/p - gnoll
Aim: a gnoll, wielding a +2 halberd of protection and quivering a throwing net (72% to hit)
The stone arrow hits the gnoll.
The gnoll is lightly wounded.
The gnoll closely misses you. The gnoll sergeant misses you.
The gnoll throws a throwing net.
The throwing net hits you.
You become entangled in the net!
You stop ascending the stairs.
Unknown command.
Unknown command.
You tear a large gash into the net.
The gnoll sergeant hits you from afar with a +0 trident.
An orc wizard comes into view. It is wielding a +0 dagger.
The orc hits you but does no damage.
The gnoll hits you from afar with a +2 halberd of protection.
You shred the net and break free!
The orc wizard casts a spell.
The orc wizard flickers and vanishes for a moment.
The gnoll closely misses you. The gnoll completely misses you.
The gnoll sergeant hits you from afar with a +0 trident!
The orc hits you with a +0 dagger. The orc hits you with a +0 club.
* * * LOW HITPOINT WARNING * * *
The orc priest shouts, "Beogh offers mercy even to people such as you.
Join us and be reborn!" (press Y on the ability menu to convert to Beogh) Unknown command.
Unknown command.
Are you sure you want to abandon this character and quit the game? (Confirm with "yes".)

... ######.
...#......##
...........
#..........
#..........
##....?.....
#...........
#..@.g......
#o#oogg.....
......g.g......
........g......
....o(..........
.......$........
..>...........o.
.....#.........
.............#.


You could see a gnoll sergeant, an orc priest, an orc wizard (invisible), 4
gnolls, 3 orcs and a goblin.

Vanquished Creatures
  A water moccasin (D:3)
  Natasha (thrice) (D:3)
  3 gnolls
  2 adders (D:2)
  2 dart slugs
  8 endoplasms
  A giant cockroach (D:3)
  6 goblins
  A hobgoblin (D:2)
  7 kobolds
  4 quokkas
  7 ball pythons
  7 bats
  5 frilled lizards
  4 rats
61 creatures vanquished.

Notes
Turn   | Place    | Note
-------+----------+-------------------------------------------
     0 | D:1      | CougarLife the Gargoyle Earth Elementalist began the quest
                  | for the Orb.
     0 | D:1      | Reached XP level 1. HP: 10/10 MP: 3/3
   281 | D:1      | Reached XP level 2. HP: 13/15 MP: 1/5
   485 | D:1      | Reached skill level 4 in Earth Magic
   725 | D:1      | Reached XP level 3. HP: 16/19 MP: 0/6
  1265 | D:2      | Reached XP level 4. HP: 13/24 MP: 4/8
  1483 | D:2      | You fall into a shaft and drop 1 floor!
  1522 | D:3      | Learned a level 3 spell: Stone Arrow
  1822 | D:3      | Noticed a water moccasin
  1830 | D:3      | Killed a water moccasin
  1831 | D:3      | Reached skill level 5 in Earth Magic
  1831 | D:3      | Reached XP level 5. HP: 3/28 MP: 5/10
  1962 | D:3      | Noticed Natasha
  1966 | D:3      | Killed Natasha
  2153 | D:3      | Noticed Natasha
  2157 | D:3      | Killed Natasha
  2186 | D:2      | Reached XP level 6. HP: 5/32 MP: 9/11
  2621 | D:3      | Found a faded altar of an unknown god.
  2706 | D:3      | Noticed Natasha
  2717 | D:3      | Killed Natasha
  2814 | D:4      | Quit the game

Illustrated notes

Levels and vault maps discovered:
D:1:      dpeg_arrival_castle, layout_basic, minmay_pentomino_u2
D:2:      layout_basic, st_stairs_10
D:3:      layout_basic, hellmonk_ecumenical_altar_blasted, uniq_natasha
D:4:      layout_rooms, uniq_duvessa, uniq_eustachio, uniq_pikel

Skill      XL: |  1  2  3  4 |
---------------+-------------+-----
Earth Magic    | 4 5 |  5.5
Conjurations   | 2 3 |  3.8
Spellcasting   | 3 |  3.8
Dodging        | |  1.5
Stealth        | |  2.1

Action                     |  1- 3 |  4- 6 || total
---------------------------+-------+-------++-------
  Melee: Unarmed           |    11 |       ||    11
         Dagger            |    10 |     5 ||    15
   Cast: Sandblast         |    49 |    32 ||    81
         Stone Arrow       |       |    10 ||    10
    Use: Potion            |       |     1 ||     1
 Armour: Robe              |    31 |    40 ||    71
  Dodge: Dodged            |    42 |    22 ||    64

Table legend: (Time is in decaauts)
 A = Elapsed time spent in this place.
 B = Non-inter-level travel time spent in this place.
 C = Inter-level travel time spent in this place.
 D = Time resting spent in this place.
 E = Time spent auto-exploring this place.
 F = Levels seen in this place.
 G = Mean time per level.
                   A        B        C        D        E       F      G
               +--------+--------+--------+--------+--------+-----+--------+
         Total |   2857 |   2770 |     87 |    515 |   1875 |   4 |  714.2 |
       Dungeon |   2857 |   2770 |     87 |    515 |   1875 |   4 |  714.2 |
               +--------+--------+--------+--------+--------+-----+--------+

Top non-repeatable levels by time:
     D:2: 1004 daAuts
     D:3: 934 daAuts
     D:1: 911 daAuts
     D:4: 7 daAuts
